 Dungeon Crawl Stone Soup version 0.18.1-50-g88ac8fd (webtiles) character file.

40259 Galewin the Severer (level 13, -8/115 HPs)
             Began as a Minotaur Berserker on Oct 5, 2016.
             Was a High Priest of Trog.
             Killed from afar by a tengu conjurer (19 damage)
             ... with a bolt of lightning
             ... on level 15 of the Dungeon on Oct 6, 2016.
             The game lasted 00:43:01 (11517 turns).

Galewin the Severer (Minotaur Berserker)           Turns: 11517, Time: 00:43:02

Health: -8/115     AC: 20    Str: 25    XL:     13   Next: 73%
Magic:  12/12      EV: 11    Int:  4    God:    Trog [*****.]
Gold:   847        SH:  0    Dex: 12    Spells: 0 memorised, 12 levels left

rFire  x . .     SeeInvis +     J - +6 executioner's axe (venom)
rCold  . . .     Gourm    .     I - +0 plate armour
rNeg   + . .     Faith    .     (shield currently unavailable)
rPois  .         Spirit   .     (helmet restricted)
rElec  .         Dismiss  .     t - +0 cloak
rCorr  .         Reflect  .     p - +1 pair of gloves
SustAt .         Harm     .     o - +0 pair of boots
MR     ++...                    (no amulet)
Stlth  ..........               a - ring of positive energy
                                e - ring "Koezent" {+Fly rF- MR++ Slay+3 SInv}

@: marked, very resistant to hostile enchantments, extremely unstealthy
A: retaliatory headbutt, horns 2
a: Berserk, Trog's Hand, Brothers in Arms, Burn Spellbooks, Renounce Religion,
Evoke Flight


You were on level 15 of the Dungeon.
You worshipped Trog.
Trog was extremely pleased with you.
You were not hungry.

You visited 1 branch of the dungeon, and saw 15 of its levels.
You also visited: Sewer.

You collected 847 gold pieces.

Inventory:

Hand Weapons
 J - a +6 executioner's axe of venom (weapon)
Armour
 o - a +0 pair of boots (worn)
 p - a +1 pair of gloves (worn)
 t - a +0 cloak (worn)
 I - a +0 plate armour (worn)
Jewellery
 a - a ring of positive energy (right hand)
 e - the ring "Koezent" (left hand) {+Fly rF- MR++ Slay+3 SInv}
   (You found it on level 11 of the Dungeon)

   [ring of flight]

   It affects your accuracy and damage with ranged weapons and melee attacks
   (+3).
   It makes you vulnerable to fire.
   It affects your resistance to hostile enchantments.
   It lets you see invisible.
   It lets you fly.
 h - an uncursed ring of protection from cold
 C - an uncursed ring of see invisible
 R - a cursed -2 ring of intelligence {unknown}
Wands
 b - a wand of paralysis (2/24)
 w - a wand of lightning (3/15)
 H - a wand of digging (13/24)
 N - a wand of hasting (6/9)
Scrolls
 f - 4 scrolls of teleportation
 l - 11 scrolls of remove curse
 n - 2 scrolls of vulnerability {unknown}
 s - 3 scrolls of enchant armour
 x - 3 scrolls of magic mapping
 y - a scroll of amnesia {unknown}
 A - a scroll of recharging {unknown}
 B - 2 scrolls of blinking {unknown}
 F - 3 scrolls of fear {unknown}
 M - a scroll of random uselessness {unknown}
 P - a scroll of enchant weapon
 Q - a scroll of fog {unknown}
Potions
 d - 3 potions of brilliance
 i - 3 potions of haste
 j - 3 potions of might
 k - 2 potions of cancellation {unknown}
 q - 3 potions of curing {unknown}
 u - 2 potions of invisibility {unknown}
 z - a potion of ambrosia {unknown}
 D - a potion of resistance {unknown}
 E - 5 potions of flight
 G - a potion of berserk rage {unknown}
 K - 2 potions of cure mutation {unknown}
 O - a potion of heal wounds {unknown}
Comestibles
 c - 6 bread rations
 g - 7 meat rations
 m - 8 slices of pizza
 r - 12 royal jellies
 v - 4 beef jerkies
 S - 5 fruits


   Skills:
 + Level 10.8 Fighting
 * Level 20.7 Axes
 + Level 10.5 Armour
 + Level 9.6 Dodging


You had 12 spell levels left.
You didn't know any spells.

Dungeon Overview and Level Annotations

Branches:
Dungeon (15/15)            Temple (0/1) D:5            Lair (0/8) D:9
    Orc (0/2) D:11         Vaults (0/5) D:13
 Depths: D:15

Altars:
Ashenzari
Cheibriados
Gozag
Nemelex Xobeh
Okawaru
Sif Muna
Yredelemnul

Shops:
D:10 (   D:12 *


Innate Abilities, Weirdness & Mutations

You reflexively headbutt those who attack you in melee.
You have a pair of horns on your head.


Message History

A four-headed hydra comes into view.
You carve the manticore like a ham!!!
You kill the manticore!
Trog accepts your kill.
The tengu warrior throws a stone.
The stone hits you!
* * * LOW HITPOINT WARNING * * *
The tengu conjurer moves out of view.
A battlesphere comes into view.
Your ogre goes berserk!
You feel somewhat more hungry.
The tengu warrior throws a stone.
The stone hits you.
* * * LOW HITPOINT WARNING * * *
Your ogre barely misses the four-headed hydra.
The tengu warrior throws a stone.
The stone hits you.
* * * LOW HITPOINT WARNING * * *
The tengu conjurer gestures at you while chanting.
The bolt of lightning hits you!
* * * LOW HITPOINT WARNING * * *
The bolt of lightning hits you!
You die...

... #. #.# #. #.####
###.####(... #
........O.#### .#
....Q..#.D...#.## .#
# #.#....((......
#.#
###.##.#..#(.#.##.##
..#.. ........Q(@.#
# ....#
#.##.#(*##......#
####
#$...(..####.####
#### ####.##......#
...# ###.#########
...# #..[...# ...#
#.#.##.# #.###
#.#.##.# ....# #
#..#.#


You could see a four-headed hydra, a tengu warrior, a tengu conjurer, a
battlesphere and a friendly ogre (berserk).

Vanquished Creatures
  A vault guard (D:13)
  Erolcha (D:9)
  Josephine (D:13)
  A catoblepas (D:15)
  5 centaur warriors
  The ghost of Juudaz the Grappler, a journeyman GrMo of the Shining One (D:10)
  A death knight (D:15)
  A fire crab (shapeshifter) (D:14)
  5 unseen horrors
  6 hill giants
  7 ugly things
  A wolf spider zombie (D:12)
  A manticore (D:15)
  2 cyclopes (D:15)
  2 gargoyles
  2 centaur skeletons
  4 molten gargoyles (D:15)
  A kobold demonologist (D:14)
  A two-headed ogre (D:9)
  2 trolls
  4 slime creatures (D:12)
  A centaur simulacrum (D:13)
  A shadow (D:12)
  Sigmund (D:3)
  A human (D:7)
  2 wyverns
  2 vampires (D:12)
  4 wraiths
  14 yaks
  A fire elemental (D:15)
  4 hippogriffs
  2 steam dragons
  A mottled dragon (D:13)
  2 hungry ghosts
  3 wargs (D:11)
  2 insubstantial wisps (D:7)
  8 orc warriors
  6 sky beasts
  2 black bears
  5 ice beasts
  7 ogres
  A wasp (D:9)
  A necrophage (D:9)
  20 centaurs
  2 crocodiles
  2 big kobolds
  10 giant frogs
  9 scorpions
  21 killer bees
  15 wights
  9 howler monkeys
  5 crimson imps
  2 centaur zombies
  3 hounds
  A quasit (D:13)
  7 orc priests
  2 giant frog skeletons
  4 jellies
  Jessica (D:3)
  4 iguanas
  12 orc wizards
  10 worker ants
  3 sheep (D:7)
  A hound zombie (D:10)
  A hound skeleton (D:8)
  A worker ant zombie (D:5)
  6 gnolls
  18 adders
  3 shadow imps
  15 oozes
  An adder zombie (D:8)
  An adder skeleton (D:8)
  3 worms
  A dart slug (D:4)
  15 giant geckos
  48 orcs
  5 bats (D:1)
  17 giant cockroaches
  5 goblins
  4 hobgoblins
  4 jackals (D:1)
  14 kobolds
  3 quokkas
  12 ball pythons
  11 giant newts
  A quokka skeleton (D:5)
  5 rats
458 creatures vanquished.

Vanquished Creatures (collateral kills)
  7 vault guards (D:13)
  A manticore (D:13)
  A troll (D:13)
  A queen bee (D:13)
  16 killer bees (D:13)
26 creatures vanquished.

Grand Total: 484 creatures vanquished

Notes
Turn   | Place    | Note
--------------------------------------------------------------
     0 | D:1      | Galewin the Minotaur Berserker began the quest for the Orb.
     0 | D:1      | Reached XP level 1. HP: 19/19 MP: 0/0
    38 | D:1      | Reached skill level 4 in Axes
    39 | D:1      | Reached XP level 2. HP: 18/26 MP: 1/1
   173 | D:1      | Found a shattered altar of Ashenzari.
   193 | D:1      | Reached ** piety under Trog
   193 | D:1      | Reached skill level 5 in Axes
   226 | D:1      | Reached XP level 3. HP: 26/31 MP: 2/2
   713 | D:2      | Reached XP level 4. HP: 18/39 MP: 3/3
   715 | D:2      | Reached skill level 6 in Axes
   850 | D:2      | Found a sparkling altar of Nemelex Xobeh.
  1018 | D:3      | Noticed Sigmund
  1033 | D:3      | Killed Sigmund
  1033 | D:3      | Reached skill level 8 in Axes
  1033 | D:3      | Reached XP level 5. HP: 37/45 MP: 4/4
  1129 | D:3      | Reached XP level 6. HP: 47/51 MP: 5/5
  1245 | D:3      | Noticed Jessica
  1269 | D:3      | Killed Jessica
  1269 | D:3      | Reached *** piety under Trog
  1500 | D:3      | Reached skill level 9 in Axes
  1858 | D:4      | Found a deep blue altar of Sif Muna.
  2090 | D:4      | Found a shattered altar of Ashenzari.
  2186 | D:5      | Entered Level 5 of the Dungeon
  2193 | D:5      | Found a staircase to the Ecumenical Temple.
  2203 | D:5      | Reached **** piety under Trog
  2272 | D:5      | Reached XP level 7. HP: 57/57 MP: 6/6
  2464 | D:5      | Reached skill level 10 in Axes
  2763 | D:5      | Found an opulent altar of Gozag.
  2817 | D:5      | Found a snail-covered altar of Cheibriados.
  3039 | D:6      | Reached skill level 11 in Axes
  3134 | D:6      | Reached XP level 8. HP: 63/64 MP: 7/7
  3409 | D:6      | Reached skill level 12 in Axes
  3571 | D:6      | Found a glowing drain.
  3576 | Sewer    | Entered a sewer
  3673 | Sewer    | Reached ***** piety under Trog
  4024 | D:7      | Reached skill level 13 in Axes
  4097 | D:7      | Found a basalt altar of Yredelemnul.
  4207 | D:7      | Reached XP level 9. HP: 70/70 MP: 8/8
  4236 | D:7      | Reached skill level 14 in Axes
  4382 | D:7      | Reached skill level 15 in Axes
  4856 | D:8      | Reached skill level 16 in Axes
  5007 | D:8      | Reached XP level 10. HP: 25/77 MP: 9/9
  5528 | D:9      | Received a gift from Trog
  5718 | D:9      | Reached skill level 17 in Axes
  5752 | D:9      | Reached ****** piety under Trog
  5792 | D:9      | Noticed Erolcha
  5798 | D:9      | Killed Erolcha
  5798 | D:9      | Reached skill level 5 in Fighting
  5941 | D:9      | Found a staircase to the Lair.
  5999 | D:10     | Entered Level 10 of the Dungeon
  6011 | D:10     | Reached XP level 11. HP: 88/88 MP: 10/10
  6112 | D:10     | Noticed Juudaz's ghost (journeyman GrMo)
  6130 | D:10     | Killed Juudaz's ghost
  6130 | D:10     | Reached skill level 5 in Armour
  6399 | D:10     | Reached skill level 18 in Axes
  6399 | D:10     | Reached skill level 5 in Dodging
  6468 | D:10     | Noticed a hill giant
  6472 | D:10     | Killed a hill giant
  6490 | D:10     | Found Akado's Antique Weapon Emporium.
  7028 | D:11     | Noticed a hill giant
  7033 | D:11     | Killed a hill giant
  7120 | D:11     | Received a gift from Trog
  7134 | D:11     | Noticed an unseen horror
  7150 | D:11     | Killed an unseen horror
  7175 | D:11     | Noticed a cyan ugly thing
  7186 | D:11     | Killed a cyan ugly thing
  7565 | D:11     | Found a staircase to the Orcish Mines.
  7809 | D:11     | Noticed a white ugly thing
  7814 | D:11     | Killed a white ugly thing
  8051 | D:11     | Got a transparent copper ring
  8052 | D:11     | Identified the ring "Koezent" {+Fly rF- MR++ Slay+3 SInv} (You found it on level 11 of the Dungeon)
  8290 | D:12     | Noticed a hill giant
  8293 | D:12     | Killed a hill giant
  8293 | D:12     | Reached XP level 12. HP: 101/101 MP: 11/11
  8454 | D:12     | Reached skill level 19 in Axes
  8741 | D:12     | Found Atiff's Elemental Accessories.
  9269 | D:13     | Noticed Josephine
  9277 | D:13     | Killed Josephine
  9325 | D:13     | Noticed a vault guard
  9326 | D:13     | Noticed a vault guard
  9331 | D:13     | Noticed a vault guard
  9333 | D:13     | Noticed a vault guard
  9336 | D:13     | Killed a vault guard
  9337 | D:13     | Noticed a vault guard
  9339 | D:13     | Killed a vault guard
  9339 | D:13     | Received a gift from Trog
  9341 | D:13     | Killed a vault guard
  9343 | D:13     | Killed a vault guard
  9344 | D:13     | Noticed a vault guard
  9346 | D:13     | Killed a vault guard
  9348 | D:13     | Killed a vault guard
  9353 | D:13     | Noticed a vault guard
  9354 | D:13     | Killed a vault guard
  9361 | D:13     | Found a gate to the Vaults.
  9370 | D:13     | Noticed a vault guard
  9372 | D:13     | Found an iron altar of Okawaru.
  9383 | D:13     | Killed a vault guard
  9629 | D:13     | Noticed a centaur warrior
  9636 | D:13     | Killed a centaur warrior
  9760 | D:13     | Reached XP level 13. HP: 61/111 MP: 12/12
  9900 | D:13     | Reached skill level 20 in Axes
  9903 | D:13     | Received a gift from Trog
 10349 | D:14     | Reached skill level 10 in Fighting
 10716 | D:14     | Reached skill level 10 in Armour
 10735 | D:15     | Entered Level 15 of the Dungeon
 11517 | D:15     | Killed from afar by a tengu conjurer

Skill      XL: |  1  2  3  4  5  6  7  8  9 10 11 12 13 |
---------------+----------------------------------------+-----
Axes           | 4 5 8 9 11 13 16 17 18 19 20 | 20.7
Fighting       | 5 7 9 10 | 10.8
Armour         | 4 7 9 10 | 10.5
Dodging        | 4 6 8 9 |  9.6

Action                   |  1- 3 |  4- 6 |  7- 9 | 10-12 | 13-15 || total
-------------------------+-------+-------+-------+-------+-------++-------
Melee: Hand axe          |    49 |   128 |   311 |       |       ||   488
       Headbutt          |     8 |    23 |    80 |    88 |    24 ||   223
       Battleaxe         |       |       |    34 |    34 |       ||    68
       War axe           |       |       |    32 |       |       ||    32
       Executioner's axe |       |       |       |   370 |   122 ||   492
Invok: Berserk           |     2 |     5 |    10 |     9 |     3 ||    29
       Burn Spellbooks   |       |       |     2 |       |       ||     2
       Trog's Hand       |       |       |       |     1 |     1 ||     2
       Brothers in Arms  |       |       |       |     3 |     2 ||     5
  Use: Scroll            |     1 |     4 |     1 |    17 |     2 ||    25
 Stab: Sleeping          |     1 |     1 |       |       |       ||     2
  Eat: Chunk             |     1 |     7 |    16 |    18 |       ||    42
       Fruit             |       |     3 |       |     4 |       ||     7
       Beef jerky        |       |       |     2 |     3 |       ||     5
       Royal jelly       |       |       |     1 |     1 |     5 ||     7
Armor: Animal skin       |     7 |    17 |    34 |       |       ||    58
       Chain mail        |       |       |    57 |   107 |       ||   164
       Plate armour      |       |       |       |   149 |    84 ||   233
Dodge: Dodged            |    43 |    59 |   161 |   202 |    69 ||   534
